 Dungeon Crawl Stone Soup version 0.31-a0-121-g1e386dd289 (console) character file.

Game seed: 18243154122979245634

68807 Ignak the Spear-Bearer (level 15, -4/154 HPs)
             Began as an Ogre Hedge Wizard on June 1, 2023.
             Was the Champion of Okawaru.
             Slain by an eight-headed hydra (5 damage)
             ... on level 5 of the Lair of Beasts.
             The game lasted 01:11:48 (27167 turns).

Ignak the Spear-Bearer (Ogre Hedge Wizard)         Turns: 27167, Time: 01:11:49

Health: -4/154     AC: 19    Str: 30    XL:     15   Next: 27%
Magic:  20/29      EV:  9    Int: 17    God:    Okawaru [******]
Gold:   262        SH:  5    Dex:  3    Spells: 10/34 levels left

rFire   . . .        a - +11 trident {heavy, Str+3 Dex-5 SInv}
rCold   + . .        (no shield)
rNeg    + . .        O - +10 acid dragon scales "Xanir" {+Blink rElec rCorr Int-2}
rPois   +            v - +1 hat "Xisis" {rC+}
rElec   +            (no cloak)
rCorr   +            (gloves unavailable)
SInv    +            (boots unavailable)
Will    .....        N - amulet of reflection
Stlth   +            w - ring of wizardry
HPRegen 0.45/turn    z - ring "Ikhic" {rPois rN+ Will- Str+5 Int+2}
MPRegen 0.21/turn

%: reflection, wizardry (x1)
@: on blink cooldown, slowed, very slow
A: large, unfitting armour, tough skin 1
a: Renounce Religion, Evoke Blink, Heroism, Finesse, Duel


You were on level 5 of the Lair of Beasts.
You worshipped Okawaru.
Okawaru was exalted by your worship.
You visited 4 branches of the dungeon, and saw 21 of its levels.
You also visited: Sewer, Bailey and Volcano.

You collected 1624 gold pieces.
You spent 1362 gold pieces at shops.

Inventory:

Hand Weapons
 a - the +11 trident of Jujahitt (weapon) {heavy, Str+3 Dex-5 SInv}
   (You found it on level 5 of the Dungeon)

   Str:       It affects your strength (+3).
   Dex:       It affects your dexterity (-5).
   SInv:      It lets you see invisible.
 b - a +2 hand axe of venom
 s - a +0 war axe
 L - a +2 eveningstar of flaming
Missiles
 f - 43 poisoned darts (quivered)
Armour
 c - a +2 hat
 v - the +1 hat "Xisis" (worn) {rC+}
   (Okawaru gifted it to you on level 11 of the Dungeon)

   rC:        It protects you from cold.
 C - a +2 robe of fire resistance
 M - a +4 troll leather armour
 O - the +10 acid dragon scales "Xanir" (worn) {+Blink rElec rCorr Int-2}
   (You bought it in a shop on level 12 of the Dungeon)

   Int:       It affects your intelligence (-2).
   rElec:     It insulates you from electricity.
   +Blink:    It lets you blink.
   rCorr:     It protects you from acid and corrosion.
Magical Staves
 K - a staff of conjuration
Jewellery
 u - a ring of fire
 w - a ring of wizardry (left hand)
 z - the ring "Ikhic" (right hand) {rPois rN+ Will- Str+5 Int+2}
   (You found it on level 4 of the Dungeon)

   [ring of positive energy]

   Str:       It affects your strength (+5).
   Int:       It affects your intelligence (+2).
   rPois:     It protects you from poison.
   rN:        It protects you from negative energy.
   Will:      It decreases your willpower.
 A - a ring of magical power
 F - an amulet of the acrobat
 I - a ring of flight
 N - an amulet of reflection (around neck)
Wands
 d - a wand of acid (1)
 n - a wand of digging (4)
 p - a wand of flame (25)
 B - a wand of charming (10)
 J - a wand of mindburst (5)
 Q - a wand of iceblast (4)
Scrolls
 e - 8 scrolls of teleportation
 g - 2 scrolls of enchant weapon
 h - a scroll of blinking
 i - a scroll of brand weapon
 l - 5 scrolls of fear
 r - a scroll of identify
 x - 2 scrolls of fog
 y - 3 scrolls of vulnerability
 P - 3 scrolls of poison
Potions
 j - a potion of cancellation
 k - 5 potions of attraction
 m - 5 potions of ambrosia
 o - 2 potions of haste
 q - a potion of might
 t - a potion of mutation
 D - a potion of brilliance
 E - 3 potions of heal wounds
 G - 4 potions of magic
 H - a potion of resistance


   Skills:
 + Level 11.4 Fighting
 - Level 2.9(8.1) Axes
 - Level 0.5(1.7) Maces & Flails
 * Level 11.7(11.8) Polearms
 - Level 5.0 Armour
 + Level 8.2 Dodging
 - Level 1.4 Stealth
 + Level 10.1 Spellcasting
 - Level 8.0 Conjurations
 * Level 3.9 Hexes
 - Level 0.8 Summonings
 * Level 4.1 Necromancy
 - Level 3.0 Translocations
 - Level 2.0 Transmutations
 - Level 8.0 Air Magic
 - Level 5.0 Earth Magic
 - Level 6.0 Poison Magic
 + Level 7.1 Invocations


You had 10 spell levels left.
You knew the following spells:

 Your Spells              Type           Power      Damage    Failure   Level
a - Magic Dart            Conj           100%       1d8       1%          1
b - Blink                 Tloc           36%        N/A       1%          2
c - Stone Arrow           Conj/Erth      60%        3d10      1%          3
d - Mephitic Cloud        Conj/Pois/Air  33%        N/A       1%          3
e - Anguish               Hex/Necr       11%        N/A       8%          4
f - Arcjolt               Conj/Air       17%        1d27      4%          5
t - Passwall              Tmut/Erth      16%        N/A       1%          2
z - Olgreb's Toxic Radia  Pois           29%        N/A       3%          4

Your spell library contained the following spells:

 Spells                   Type           Power      Damage    Failure   Level
 Apportation              Tloc           36%        N/A       1%          1
 Sandblast                Erth           50%        2d12      1%          1
 Slow                     Hex            88%        N/A       1%          1
 Sting                    Tmut/Pois      88%        1d7       1%          1
 Cigotuvi's Dreadful Rot  Necr/Pois/Air  58%        N/A       1%          2
 Poisonous Vapours        Pois/Air       64%        N/A       1%          2
 Swiftness                Air            35%        N/A       1%          3
 Vhi's Electric Charge    Tloc/Air       54%        N/A       1%          3
 Ensorcelled Hibernation  Hex/Ice        30%        N/A       2%          2
 Spider Form              Tmut/Pois      22%        N/A       2%          3
 Ozocubu's Armour         Ice            8%         N/A       12%         3
 Alistair's Intoxication  Tmut/Pois      14%        N/A       21%         5
 Conjure Ball Lightning   Conj/Air       17%        3x3d6     22%         6
 Plasma Beam              Fire/Air       11%        2x1d24    71%         6
 Ozocubu's Refrigeration  Ice            4%         4d8       100%        7
 Discord                  Hex            11%        N/A       100%        8
 Disjunction              Tloc           9%         N/A       100%        8
 Call Imp                 Summ           Unusable   N/A       N/A         2

Dungeon Overview and Level Annotations

Branches:
Dungeon (13/15)            Temple (1/1) D:4            Lair (5/5) D:8
  Swamp (0/4) Lair:3       Spider (0/4) Lair:2        Slime (0/5) Lair:4
    Orc (2/2) D:12            Elf (0/3) Orc:2         Sewer (visited)
 Bailey (visited)         Volcano (visited)
 Vaults: D:13-14

Altars:
Ashenzari
Cheibriados
Dithmenos
Elyvilon
Fedhas
Gozag
Hepliaklqana
Kikubaaqudgha
Makhleb
Nemelex Xobeh
Okawaru
Qazlal
Ru
Sif Muna
Trog
Uskayaw
Vehumet
Wu Jian
Xom
Yredelemnul
Zin
The Shining One
Jiyva

Shops:
D:5 =:   D:12 [   Orc:2 [(=??

Portals:
Pandemonium: Orc:2

Annotations:
D:5 3 runed translucent doors, Voker57's ghost, novice DsGl
Orc:2 1 runed translucent door, exclusion: 4 orange crystal statues


Innate Abilities, Weirdness & Mutations

You are too large for most types of armour.
You have tough skin. (AC +1)


Message History

Confirm with . or Enter, or press ? or * to list all spells.
You blink.
The yak looks even sicker.
The torpor snail looks as sick as possible!
Your toxic aura wanes.
You block the yak's attack.
Press: ? - help, v - describe, . - travel
Here: a torpor snail (lightly wounded, extremely poisoned)
The floor.
Casting: Blink (safe; 1% risk of failure)
Confirm with . or Enter, or press ? or * to list all spells.
Aiming: Mephitic Cloud (safe; 1% risk of failure)
Press: ? - help, Shift-Dir - straight line, f - yak, p - eight-headed hydra
Aim: a yak (almost dead, very poisoned, chance to affect: 67%)
The ball explodes into a vile cloud!
The stinking cloud engulfs the yak but does no damage.
The yak is almost dead.
The stinking cloud engulfs you but does no damage.
The stinking cloud engulfs the eight-headed hydra but does no damage.
The stinking cloud engulfs the torpor snail but does no damage.
The torpor snail is lightly wounded.
You kill the yak!
Okawaru accepts your kill.
You block the eight-headed hydra's attack.
The eight-headed hydra bites you but does no damage.
The eight-headed hydra bites you!
* * * LOW HITPOINT WARNING * * *
The eight-headed hydra bites you.
* * * LOW HITPOINT WARNING * * *
The eight-headed hydra bites you.
* * * LOW HITPOINT WARNING * * *
The eight-headed hydra bites you but does no damage.
The eight-headed hydra bites you!
* * * LOW HITPOINT WARNING * * *
The eight-headed hydra bites you but does no damage.
The eight-headed hydra bites you.
* * * LOW HITPOINT WARNING * * *
The eight-headed hydra bites you but does no damage. x3
The eight-headed hydra barely misses you.
The eight-headed hydra bites you.
You die...

.......†............(.......P.
...........................#..
......#####.............†...#†
...... ##....#............!
..... ## ##...###............
......#.# #....###............
.... ....###..................
...# ......P.☼D☼..............
........@w○..............
....PPP?.☼...............
....P#......#............
.....##..................
....###......Y..........
#..##........#.........
.####.................
#P..........$.....
#................


You could see a death yak (poisoned), an eight-headed hydra and a torpor snail
(very poisoned).

Vanquished Creatures
  Rupert (Lair:3)
  The ghost of Urimisua the Cleaver, a journeyman DgDe (Lair:3)
  Nessos (Lair:4)
  The ghost of Acsiumeo the Grappler, a journeyman DrMo of Yredelemnul (Lair:2)
  5 hydras
  The ghost of Iry Ugg the Martial Artist, a journeyman TeTm of Wu Jian (Lair:2)
  2 vault guards (Bailey)
  7 two-headed ogres
  A centaur warrior (D:13)
  2 demonspawn (Orc:2)
  A boulder beetle (D:12)
  A death yak (Lair:4)
  9 orc high priests (Orc:2)
  Amaemon (D:9)
  A pharaoh ant (Lair:2)
  4 skeletal warriors (D:12)
  The ghost of Iramy the Thaumaturge, a novice DECj of the Shining One (Lair:3)
  2 lindwurms (Volcano)
  4 orc knights (Orc:2)
  A deep elf pyromancer (D:12)
  2 oklob plants (Lair:3)
  Pikel (D:7)
  3 orc sorcerers (Orc:2)
  2 toenail golems (Volcano)
  4 black mambas
  A torpor snail (Lair:4)
  3 molten gargoyles (Volcano)
  2 orange demons
  2 gargoyles (D:11)
  8 cane toads
  Maggie (D:6)
  A rime drake (Lair:4)
  14 komodo dragons
  3 efreet (Volcano)
  A queen bee (Lair:1)
  A red devil (Orc:2)
  3 hornets
  4 trolls
  A hellwing (Orc:2)
  Prince Ribbit (Bailey)
  A polar bear (Lair:4)
  13 blink frogs
  6 dream sheep (Lair:5)
  2 jumping spiders (Lair:2)
  3 shadows (D:12)
  Sigmund (D:6)
  32 yaks
  2 wraiths
  6 wyverns
  6 fire elementals (Volcano)
  A basilisk (Lair:2)
  2 redbacks (Lair:2)
  8 humans (Bailey)
  2 vampire mosquitoes
  A steam dragon (D:9)
  2 wargs (Orc:2)
  A chaos spawn (Orc:2)
  2 acid dragons
  13 water moccasins
  27 orc warriors
  A sky beast (D:8)
  3 black bears
  An ice beast (D:5)
  3 ogres
  11 wolves
  4 centaurs
  7 kobold brigands
  A lemure (D:7)
  25 bullfrogs
  A gnoll sergeant (D:10)
  3 scorpions
  An earth elemental (Volcano)
  4 wights (D:7)
  27 killer bees
  5 howler monkeys
  2 electric eels (D:10)
  3 hounds
  24 orc priests
  15 iguanas
  11 orc wizards
  10 gnolls
  5 adders
  5 river rats (Sewer)
  A shadow imp (D:7)
  4 white imps
  4 ufetubi
  4 worms
  4 dart slugs
  70 orcs
  10 endoplasms
  4 giant cockroaches
  12 goblins
  10 hobgoblins
  6 jackals (D:2)
  6 quokkas
  11 ball pythons
  9 bats
  22 frilled lizards
  19 kobolds
  4 rats
  A fire vortex (Volcano)
609 creatures vanquished.

Vanquished Creatures (collateral kills)
  An adder (D:2)
  6 orcs (D:3)
  A jackal (D:2)
  A kobold (D:1)
  2 ball pythons (D:1)
11 creatures vanquished.

Vanquished Creatures (others)
  A hydra (Lair:3)
  An orc wizard (D:7)
2 creatures vanquished.

Grand Total: 622 creatures vanquished

Notes
Turn   | Place    | Note
-------+----------+-------------------------------------------
     0 | D:1      | Ignak the Ogre Hedge Wizard began the quest for the Orb.
     0 | D:1      | Reached XP level 1. HP: 16/16 MP: 5/5
    55 | D:1      | Reached skill level 1 in Conjurations
    55 | D:1      | Reached skill level 1 in Translocations
   265 | D:1      | Reached XP level 2. HP: 10/26 MP: 1/6
   432 | D:2      | Learned a level 2 spell: Blink
   435 | D:2      | Learned a level 2 spell: Call Imp
   633 | D:2      | Reached skill level 1 in Fighting
  1023 | D:1      | Reached XP level 3. HP: 26/32 MP: 2/8
  1089 | D:1      | Learned a level 3 spell: Mephitic Cloud
  2031 | D:2      | Reached XP level 4. HP: 40/42 MP: 10/10
  2587 | D:3      | Reached skill level 1 in Poison Magic
  2908 | D:3      | Found a blossoming altar of Fedhas.
  2916 | D:3      | Found a bloodstained altar of Trog.
  3798 | D:3      | Reached XP level 5. HP: 42/49 MP: 11/11
  4019 | D:3      | Learned a level 4 spell: Olgreb's Toxic Radiance
  4072 | D:4      | Found a staircase to the Ecumenical Temple.
  4085 | D:4      | Noticed a black bear
  4093 | Temple   | Entered the Ecumenical Temple
  4109 | Temple   | Killed a black bear
  4110 | Temple   | Reached skill level 1 in Axes
  4110 | Temple   | Reached skill level 1 in Air Magic
  4163 | D:4      | Found a glowing drain.
  4184 | Sewer    | Entered a sewer
  4234 | Sewer    | Noticed a kobold brigand
  4252 | Sewer    | Killed a kobold brigand
  4253 | Sewer    | Reached XP level 6. HP: 45/59 MP: 3/12
  5213 | Sewer    | Reached XP level 7. HP: 11/66 MP: 3/13
  5977 | D:4      | Learned a level 2 spell: Passwall
  6052 | D:4      | Found an ornate altar of the Wu Jian Council.
  6416 | D:4      | Identified the +0 robe of the Evil One {Int+3}
  6721 | D:4      | Identified the ring "Ikhic" {rPois rN+ Will- Str+5 Int+2}
  6800 | D:5      | Entered Level 5 of the Dungeon
  6830 | D:5      | Found a basalt altar of Yredelemnul.
  6861 | D:5      | Identified the +11 trident of Jujahitt {heavy, Str+3 Dex-5
                  | SInv}
  6902 | D:5      | Reached XP level 8. HP: 75/75 MP: 11/15
  6929 | D:5      | Found a white marble altar of Elyvilon.
  6940 | D:5      | Reached skill level 1 in Polearms
  6940 | D:5      | Reached skill level 1 in Transmutations
  7115 | D:5      | Found a runed translucent gate.
  7118 | D:5      | Found a runed translucent gate.
  7118 | D:5      | Found a runed translucent gate.
  7124 | D:5      | Noticed Voker57's ghost (novice DsGl)
  7429 | D:5      | Found Sorch's Jewellery Shoppe.
  7440 | D:5      | Reached skill level 5 in Spellcasting
  7463 | D:5      | Found a glowing golden altar of the Shining One.
  7483 | D:5      | Found Ahacsel's Book Shop.
  8022 | D:6      | Noticed Maggie
  8025 | D:6      | Noticed Sigmund
  8031 | D:6      | Killed Maggie
  8032 | D:6      | Killed Sigmund
  8033 | D:6      | Reached XP level 9. HP: 42/85 MP: 10/17
  8780 | D:7      | Reached skill level 1 in Armour
  8953 | D:6      | Reached skill level 5 in Fighting
  9073 | D:7      | Found a stormy altar of Qazlal.
  9113 | D:7      | Found a hide-covered altar of Uskayaw.
  9118 | D:7      | Noticed Pikel
  9119 | D:7      | Found a glowing silver altar of Zin.
  9132 | D:7      | Killed Pikel
  9280 | D:7      | Reached skill level 5 in Poison Magic
  9640 | D:7      | Found an iron altar of Okawaru.
  9654 | D:7      | Became a worshipper of Warmaster Okawaru
  9797 | D:8      | Found a flagged portal.
 10016 | Bailey   | Entered a bailey
 10027 | Bailey   | Reached XP level 10. HP: 78/96 MP: 6/18
 10220 | Bailey   | Reached skill level 5 in Polearms
 10235 | Bailey   | Reached * piety under Okawaru
 10487 | Bailey   | Noticed Prince Ribbit
 10487 | Bailey   | Noticed a vault guard
 10506 | Bailey   | Killed Prince Ribbit
 10533 | Bailey   | Killed a vault guard
 10533 | Bailey   | Reached ** piety under Okawaru
 10566 | Bailey   | Noticed a vault guard
 10577 | Bailey   | Reached skill level 5 in Conjurations
 10689 | Bailey   | Killed a vault guard
 10689 | Bailey   | Reached *** piety under Okawaru
 10928 | Bailey   | Learned a level 5 spell: Arcjolt
 11051 | D:8      | Reached XP level 11. HP: 101/105 MP: 14/20
 11237 | D:8      | Noticed a two-headed ogre
 11248 | D:8      | Killed a two-headed ogre
 11249 | D:8      | Reached skill level 5 in Dodging
 11404 | D:8      | Reached **** piety under Okawaru
 12153 | D:8      | Found a staircase to the Lair.
 12167 | Lair:1   | Entered Level 1 of the Lair of Beasts
 12201 | D:9      | Noticed a two-headed ogre
 12218 | D:9      | Killed a two-headed ogre
 12219 | D:9      | Reached skill level 5 in Air Magic
 12381 | D:9      | Noticed a two-headed ogre
 12391 | D:9      | Killed a two-headed ogre
 12761 | D:9      | Noticed Amaemon
 12775 | D:9      | Killed Amaemon
 12844 | D:9      | Reached ***** piety under Okawaru
 13221 | D:10     | Entered Level 10 of the Dungeon
 13918 | D:10     | Reached skill level 1 in Invocations
 13918 | D:10     | Received a gift from Okawaru
 13950 | D:10     | Reached XP level 12. HP: 88/118 MP: 10/22
 15738 | Lair:1   | Identified a scroll of acquirement
 15739 | Lair:1   | Acquired a +1 troll leather armour
 16134 | Lair:1   | Identified the +8 great sword "Efiyxtiv" {heavy, rElec rC+
                  | Str+4} (Okawaru gifted it to you on level 1 of the Lair of
                  | Beasts)
 16134 | Lair:1   | Received a gift from Okawaru
 16495 | Lair:2   | Learned a level 3 spell: Stone Arrow
 16743 | Lair:2   | Reached skill level 1 in Earth Magic
 16746 | Lair:2   | HP: 5/121 [komodo dragon simulacrum (20)]
 17296 | D:11     | Noticed a two-headed ogre
 17313 | D:11     | Killed a two-headed ogre
 17313 | D:11     | Identified the +1 hat "Xisis" {rC+} (Okawaru gifted it to
                  | you on level 11 of the Dungeon)
 17313 | D:11     | Received a gift from Okawaru
 17408 | D:11     | Noticed a two-headed ogre
 17414 | D:11     | Killed a two-headed ogre
 17415 | D:11     | Reached XP level 13. HP: 128/128 MP: 25/25
 17945 | D:12     | Found a staircase to the Orcish Mines.
 17945 | D:12     | Found Motapryr's Armour Boutique.
 18510 | D:12     | Identified the +4 dagger of the Divine God {freeze, Str+6}
 18889 | D:12     | Found a hazy altar of Hepliaklqana.
 18958 | Orc:1    | Entered Level 1 of the Orcish Mines
 19026 | Orc:2    | Entered Level 2 of the Orcish Mines
 19204 | Orc:2    | Found a staircase to the Elven Halls.
 19408 | Orc:2    | Found Mokkus's Magic Scroll Shop.
 19432 | Orc:2    | Found Acyin's Magic Scroll Boutique.
 19444 | Orc:2    | Received a gift from Okawaru
 19449 | Orc:2    | Reached skill level 5 in Invocations
 19678 | Orc:2    | Found the +10 tower shield of Ignorance {rN+ Int-4}
 19692 | Orc:2    | Found a runed translucent door.
 19739 | Orc:2    | Found Bostroix's Antique Armour Boutique.
 19835 | Orc:2    | Found a runed translucent door.
 19887 | Orc:2    | Reached skill level 10 in Polearms
 20011 | Orc:2    | Reached skill level 10 in Fighting
 20011 | Orc:2    | Reached skill level 5 in Earth Magic
 20011 | Orc:2    | Reached XP level 14. HP: 122/143 MP: 12/27
 20514 | Orc:2    | Found Kiwaf's Jewellery Emporium.
 20514 | Orc:2    | Found a one-way gate leading to the halls of Pandemonium.
 20514 | Orc:2    | Found Guugy's Antique Weapon Shoppe.
 21086 | Lair:2   | Found a hole to the Spider Nest.
 21131 | Lair:2   | Learned a level 4 spell: Anguish
 21549 | Lair:3   | Reached ****** piety under Okawaru
 21569 | Lair:3   | Received a gift from Okawaru
 21576 | Lair:3   | Reached skill level 1 in Hexes
 21576 | Lair:3   | Reached skill level 1 in Necromancy
 21622 | Lair:3   | Found a runed translucent gate.
 21622 | Lair:3   | Found a runed translucent gate.
 21624 | Lair:3   | Found a runed translucent gate.
 21625 | Lair:3   | Noticed Urimisua's ghost (journeyman DgDe)
 21625 | Lair:3   | Noticed Iry Ugg's ghost (journeyman TeTm)
 21625 | Lair:3   | Noticed Iramy's ghost (novice DECj)
 21626 | Lair:3   | Noticed Acsiumeo's ghost (journeyman DrMo)
 21646 | Lair:3   | Found a staircase to the Swamp.
 21698 | Lair:3   | Found a dark tunnel.
 21709 | Volcano  | Entered a volcano
 21940 | Volcano  | Received a gift from Okawaru
 22513 | D:12     | Bought the +10 acid dragon scales "Xanir" {+Blink rElec
                  | rCorr Int-2} for 1362 gold pieces
 22918 | Lair:3   | Identified the staff of earth "Duvous" {*Corrode rPois
                  | Dex+5}
 23782 | Lair:2   | Killed Iry Ugg's ghost
 23900 | Lair:2   | Killed Acsiumeo's ghost
 23940 | Lair:3   | Killed Iramy's ghost
 24083 | Lair:3   | Killed Urimisua's ghost
 24600 | Lair:4   | Noticed Rupert
 24602 | Lair:4   | Paralysed by Rupert for 5 turns
 25033 | Lair:3   | Paralysed by Rupert for 2 turns
 25203 | Lair:3   | Paralysed by Rupert for 4 turns
 25209 | Lair:3   | Killed Rupert
 25619 | Lair:4   | Reached XP level 15. HP: 112/140 MP: 24/28
 25764 | Lair:4   | Found a staircase to the Slime Pits.
 25785 | Lair:4   | Found a viscous altar of Jiyva.
 25855 | Lair:4   | Noticed Nessos
 25860 | Lair:4   | Killed Nessos
 26165 | Lair:4   | Identified the +1 robe "Ucuripro" {Slay+3} (Okawaru gifted
                  | it to you on level 4 of the Lair of Beasts)
 26165 | Lair:4   | Received a gift from Okawaru
 26175 | Lair:4   | Reached skill level 10 in Spellcasting
 26926 | Lair:5   | Entered Level 5 of the Lair of Beasts
 27133 | Lair:5   | Reached skill level 5 in Armour
 27167 | Lair:5   | HP: 6/154 [eight-headed hydra (13)]
 27167 | Lair:5   | HP: 1/154 [eight-headed hydra (5)]
 27167 | Lair:5   | Slain by an eight-headed hydra

Illustrated notes

Levels and vault maps discovered:
D:1:      giann_bridges, layout_basic, bh_walls_and_bars
D:2:      layout_basic, chequers_serial_rivers_room_a
D:3:      layout_basic, mainiacjoe_overflow_big_doors, serial_rivers,
          chequers_serial_rivers_small_b, chequers_serial_rivers_small_b,
          chequers_serial_rivers_micro_c, chequers_serial_rivers_room_a,
          chequers_serial_rivers_micro_c, minmay_fountain_box, minmay_unequal
D:4:      layout_cave_pools, nzn_wu_jian_contemplation,
          minmay_temple_entry_statues_fountains, portal_sewer_entry_f,
          kennysheep_potato
D:5:      layout_cave_pools, kennysheep_mini,
          mainiacjoe_overflow_concentric_impassable,
          mainiacjoe_overflow_small_starburst, serial_shops,
          kennysheep_little_box, shop, gammafunk_ghost_necromancy,
          grunt_ministairs_8
D:6:      layout_basic, uniq_maggie, uniq_sigmund
D:7:      layout_cave_pools, grunt_qazlal_clouds, lemuel_tele_altar,
          chequers_temple_overflow_statue_of_worship, uniq_pikel
D:8:      layout_loops_corners, lair_entry_dummy, enter_bailey_3,
          kennysheep_generic_room_13
D:9:      layout_irregular_city, uniq_amaemon
D:10:     lemuel_reptile_caves, layout_gridville
D:11:     layout_basic
D:12:     layout_long_grid, orc_david_3, worldfamousw_hep_ancestral_shrine
D:13:     layout_roguey, erik_vaults_1, serial_demonic, serial_demonic_b,
          serial_demonic_g, serial_demonic_f, serial_demonic_g,
          nicolae_straight_to_the_point, uniq_kirke
Temple:   nicolae_temple_bog_church
Lair:1:   layout_roguey [special_room_bee], chequers_serial_rivers_small_a,
          grunt_megastairs_5, infiniplex_staircase_pool_2
Lair:2:   layout_regular_city, nicolae_spider_entry_lesser_pyramids
Lair:3:   minmay_lair_oklob_chamber, layout_chaotic_city, swamp_mist,
          nicolae_volcano_entry_hallway, gammafunk_ghost_cemetery
Lair:4:   layout_gridlike, slime_entry_1, grunt_megastairs_4, uniq_nessos,
          uniq_rupert
Lair:5:   evil_forest, layout_gridlike
Orc:1:    layout_caves
Orc:2:    pf_orc_diabolical, layout_caves, serial_shops,
          nicolae_shop_tiny_statue_garden, chequers_guarded_unrand_ignorance

Skill      XL: |  1  2  3  4  5  6  7  8  9 10 11 12 13 14 15 |
---------------+----------------------------------------------+-----
Conjurations   | 1 2 3 4 5 6 7 8 |  8.0
Translocations | 1 2 3 |  3.0
Dodging        | 2 3 4 5 6 7 8 |  8.2
Fighting       | 1 2 3 4 5 6 7 8 10 11 | 11.4
Spellcasting   | 4 5 6 7 8 9 10 | 10.1
Poison Magic   | 1 2 3 4 5 6 |  6.0
Axes           | 1 2 |  2.9
Air Magic      | 1 2 3 4 6 7 8 |  8.0
Polearms       | 3 4 5 7 8 10 11 | 11.7
Transmutations | 2 |  2.0
Armour         | 2 3 4 5 |  5.0
Invocations    | 1 3 5 6 7 |  7.1
Earth Magic    | 2 5 |  5.0
Hexes          | 3 |  3.9
Necromancy     | 3 4 |  4.1
Maces & Flails | |  0.5
Stealth        | |  1.4
Summonings     | |  0.8

Action                     |  1- 3 |  4- 6 |  7- 9 | 10-12 | 13-15 || total
---------------------------+-------+-------+-------+-------+-------++-------
  Melee: Dagger            |   136 |       |       |       |       ||   136
         Short sword       |    70 |    36 |       |       |       ||   106
         Punch             |     1 |     1 |     4 |       |     2 ||     8
         Whip              |       |    55 |       |       |       ||    55
         Hand axe          |       |    56 |    41 |       |       ||    97
         Trident           |       |       |   106 |   261 |   530 ||   897
  Throw: Dart              |     2 |     3 |       |     6 |     2 ||    13
   Cast: Magic Dart        |    13 |       |       |       |       ||    13
         Call Imp          |     6 |     9 |     1 |       |       ||    16
         Blink             |     2 |     2 |     4 |     6 |    20 ||    34
         Mephitic Cloud    |       |     7 |    13 |    22 |    33 ||    75
         Olgreb's Toxic Ra |       |     9 |    22 |    59 |    82 ||   172
         Arcjolt           |       |       |       |    16 |     6 ||    22
         Stone Arrow       |       |       |       |     3 |    25 ||    28
         Anguish           |       |       |       |       |    30 ||    30
 Invoke: Heroism           |       |       |       |     2 |     7 ||     9
  Evoke: Wand              |       |       |       |     4 |     8 ||    12
    Use: Scroll            |       |     6 |     6 |    13 |     9 ||    34
         Potion            |       |     4 |     3 |     3 |     7 ||    17
   Stab: Sleeping          |     2 |     2 |       |       |       ||     4
         Confused          |       |     1 |       |     3 |     6 ||    10
 Armour: Robe              |   105 |    34 |    15 |       |       ||   154
         Skin              |       |     1 |       |       |       ||     1
         Acid dragon scale |       |       |    17 |   111 |   221 ||   349
         Troll leather arm |       |       |       |    14 |   118 ||   132
  Dodge: Dodged            |   143 |   109 |    59 |   188 |   308 ||   807
  Block: Other             |       |       |       |    18 |   144 ||   162
         Reflection        |       |       |       |     1 |     3 ||     4

Table legend: (Time is in decaauts)
 A = Elapsed time spent in this place.
 B = Non-inter-level travel time spent in this place.
 C = Inter-level travel time spent in this place.
 D = Time resting spent in this place.
 E = Time spent auto-exploring this place.
 F = Levels seen in this place.
 G = Mean time per level.
                   A        B        C        D        E       F      G
               +--------+--------+--------+--------+--------+-----+--------+
         Total |  27483 |  26266 |   1217 |   7266 |  12431 |  24 | 1145.1 |
       Dungeon |  14254 |  13433 |    821 |   2442 |   8110 |  13 | 1096.5 |
        Temple |    200 |    176 |     24 |      0 |    120 |   1 |  200.0 |
          Lair |   7663 |   7342 |    321 |   2479 |   3190 |   5 | 1532.6 |
  Orcish Mines |   2011 |   1961 |     50 |    769 |    380 |   2 | 1005.5 |
         Sewer |   1776 |   1776 |      0 |    735 |    617 |   1 | 1776.0 |
        Bailey |    932 |    932 |      0 |    488 |     14 |   1 |  932.0 |
       Volcano |    644 |    644 |      0 |    352 |      0 |   1 |  644.0 |
               +--------+--------+--------+--------+--------+-----+--------+

Top non-repeatable levels by time:
  Lair:3: 2583 daAuts
   Orc:2: 1837 daAuts
  Lair:2: 1819 daAuts
   Sewer: 1776 daAuts
  Lair:1: 1602 daAuts
     D:3: 1533 daAuts
    D:10: 1487 daAuts
     D:8: 1443 daAuts
     D:2: 1417 daAuts
  Lair:4: 1407 daAuts
     D:6: 1396 daAuts
     D:9: 1292 daAuts
     D:1: 1119 daAuts
    D:12: 1107 daAuts
     D:7: 965 daAuts
